 Dungeon Crawl Stone Soup version 0.29.1-12-g30fa7ad0bf (webtiles) character file.

Game seed: 8648671289366956547

1029 hawla the Zephyrmancer (level 8, -2/60 HPs)
             Began as a Meteoran Air Elementalist on Dec 23, 2022.
             Was an Initiate of Vehumet.
             Slain by an orc warrior
             ... wielding a +0 glaive
              (18 damage)
             ... on level 6 of the Dungeon.
             The game lasted 00:12:22 (1566 turns).

hawla the Zephyrmancer (Meteoran Air Elementalist)  Turns: 1566, Time: 00:12:24

Health: -2/60      AC:  3    Str: 10    XL:     8   Next: 76%
Magic:  18/18      EV: 13    Int: 19    God:    Vehumet [......]
Gold:   19         SH:  0    Dex: 14    Spells: 13/20 levels left

rFire   . . .      SeeInvis .   u - +0 great sword
rCold   . . .      Faith    .   (shield currently unavailable)
rNeg    . . .      Spirit   .   a - +0 robe
rPois   +          Reflect  .   o - +0 helmet
rElec   .          Harm     .   (no cloak)
rCorr   .          Rampage  .   (no gloves)
Will    +....                   (no boots)
Stlth   +.........              e - amulet of magic regeneration
HPRegen 0.20/turn               d - ring of poison resistance
MPRegen 0.56/turn               h - ring of wizardry

@: glowing
A: sense surroundings 1, otherworldly, glowing, explore regen
a: Renounce Religion


You were on level 6 of the Dungeon.
You worshipped Vehumet.
Vehumet was noncommittal.
You visited 1 branch of the dungeon, and saw 6 of its levels.
You also visited: Sewer.

You collected 110 gold pieces.
You spent 91 gold pieces at shops.

Inventory:

Hand Weapons
 u - a +0 great sword (weapon)
Armour
 a - a +0 robe (worn)
 o - a +0 helmet (worn)
Jewellery
 d - a ring of poison resistance (left hand)
 e - an amulet of magic regeneration (around neck)
 h - a ring of wizardry (right hand)
Wands
 t - a wand of roots (2) (quivered)
Scrolls
 k - a scroll of noise {unknown}
 l - a scroll of enchant weapon
 m - a scroll of identify
 q - a scroll of magic mapping
 r - a scroll of amnesia {unknown}
 s - 2 scrolls of butterflies {unknown}
Potions
 b - 3 potions of magic
 c - a potion of haste {unknown}
 f - 2 potions of might {unknown}
 g - a potion of attraction {unknown}
 i - a potion of ambrosia {unknown}
 j - a potion of degeneration {unknown}
 n - a potion of heal wounds
 p - a potion of flight {unknown}


   Skills:
 + Level 1.6 Fighting
 + Level 4.1 Dodging
 - Level 1.4 Stealth
 + Level 6.5 Spellcasting
 + Level 4.2 Conjurations
 + Level 8.2 Air Magic


You had 13 spell levels left.
You knew the following spells:

 Your Spells              Type           Power      Damage    Failure   Level
a - Shock                 Conj/Air       100%       1d9       1%          1
b - Static Discharge      Conj/Air       29%        3-7/arc   1%          2
c - Airstrike             Air            18%        2d(3-19)  1%          4

Your spell library contained the following spells:

 Spells                   Type           Power      Damage    Failure   Level
 Swiftness                Air            37%        N/A       1%          3
 Sublimation of Blood     Necr           6%         N/A       6%          2
 Petrify                  Tmut/Erth      6%         N/A       38%         4
 Irradiate                Conj/Tmut      7%         3d14      43%         5


Dungeon Overview and Level Annotations

Branches:
Dungeon (6/15) Zot: 2291   Temple (0/1) D:5           Sewer (visited)

Altars:
Cheibriados
Qazlal
Vehumet

Shops:
D:6 *((:


Innate Abilities, Weirdness & Mutations

You passively map a small area around you.
You are easily found by Zot.
You glow in the dark.
You regain HP and MP as you explore.


Message History

The orc moves out of view.
An orc warrior comes into view.
It is wielding a +0 glaive and wearing a +2 chain mail of cold resistance.
The orc warrior moves out of view.
An orc comes into view. It is wielding a +0 dagger.
You see here a scroll of identify.
m - a scroll of identify The orc shouts!
Found a stone staircase leading up.
There is a stone staircase leading up here.
Casting: Static Discharge (safe; 1% risk of failure)
Confirm with . or Enter, or press ? or * to list all spells.
Aiming: Shock (safe; 1% risk of failure)
Press: ? - help, Shift-Dir - straight line, f - orc warrior
Aim: an orc warrior, wielding a +0 glaive and wearing a +2 chain mail of cold resistance (71% to hit)
The zap hits the orc warrior.
The orc warrior is lightly wounded.
The zap hits the orc!
You kill the orc!
Vehumet accepts your kill.
Aiming: Fastroot
Press: ? - help, Shift-Dir - straight line, f/p - orc warrior
Aim: an orc warrior, wielding a +0 glaive and wearing a +2 chain mail of cold resistance (lightly wounded)
The roots erupt in riotous growth!
Roots grab the orc warrior.
The grasping roots constrict the orc warrior.
The orc warrior struggles to escape constriction.
The grasping roots constrict the orc warrior, but do no damage.
The roots release their grip on the orc warrior.
The orc warrior hits you from afar with a +0 glaive!
The orc warrior completely misses you.
You barely miss the orc warrior.
The orc warrior is lightly wounded.
The orc warrior hits you with a +0 glaive!
You closely miss the orc warrior.
The orc warrior is lightly wounded.
An orc comes into view. It is wielding a +0 long sword.
The orc warrior hits you with a +0 glaive!
* * * LOW HITPOINT WARNING * * *
The orc warrior hits you with a +0 glaive!!
You die...

#.#...#.#
######
#.......#
#.####.##
#......#
#o###### ** #.#
#.# *
#.#############
#.ooo@.<.......
,
###############


You could see an orc warrior and 2 orcs.

Vanquished Creatures
  Eustachio (D:5)
  A yak (D:5)
  A black bear (D:5)
  An ogre (D:4)
  2 bullfrogs (Sewer)
  2 scorpions
  A jelly (D:6)
  2 iguanas
  Natasha (D:4)
  An orc wizard (D:6)
  3 gnolls (D:3)
  4 adders
  5 river rats
  A shadow imp (D:5)
  A worm (D:3)
  A dart slug (D:5)
  2 orcs
  A bat (D:1)
  12 endoplasms
  2 giant cockroaches
  2 goblins
  2 hobgoblins
  10 jackals
  5 quokkas
  12 ball pythons
  4 frilled lizards
  4 kobolds
  26 rats
110 creatures vanquished.

Notes
Turn   | Place    | Note
-------+----------+-------------------------------------------
     0 | D:1      | hawla the Meteoran Air Elementalist began the quest for the
                  | Orb.
     0 | D:1      | Reached XP level 1. HP: 14/14 MP: 5/5
    63 | D:1      | Reached XP level 2. HP: 20/20 MP: 1/7
    66 | D:1      | Learned a level 2 spell: Static Discharge
    78 | D:1      | Reached skill level 4 in Air Magic
   164 | D:2      | Reached XP level 3. HP: 15/26 MP: 5/8
   177 | D:3      | Reached XP level 4. HP: 8/33 MP: 2/10
   182 | D:3      | Learned a level 4 spell: Airstrike
   243 | D:3      | Found a snail-covered altar of Cheibriados.
   304 | D:3      | Reached skill level 5 in Air Magic
   474 | D:3      | Reached XP level 5. HP: 22/38 MP: 4/11
   498 | D:3      | Found a glowing drain.
   502 | Sewer    | Entered a sewer
   633 | Sewer    | Reached skill level 6 in Air Magic
   688 | Sewer    | Reached XP level 6. HP: 24/46 MP: 7/12
   790 | D:3      | Found a faded altar of an unknown god.
   795 | D:3      | Found a stormy altar of Qazlal.
   876 | D:4      | Noticed an ogre
   878 | D:4      | Killed an ogre
   879 | D:4      | Reached skill level 1 in Fighting
   879 | D:4      | Reached XP level 7. HP: 30/52 MP: 9/15
   917 | D:4      | Noticed Natasha
   921 | D:4      | Killed Natasha
   955 | D:4      | Reached skill level 5 in Spellcasting
   978 | D:4      | Found a radiant altar of Vehumet.
   990 | D:4      | Became a worshipper of Vehumet
  1042 | D:4      | Reached skill level 7 in Air Magic
  1056 | D:5      | Entered Level 5 of the Dungeon
  1083 | D:5      | Noticed Eustachio
  1112 | D:5      | Killed Eustachio
  1113 | D:5      | Reached XP level 8. HP: 26/59 MP: 9/17
  1183 | D:5      | Found a staircase to the Ecumenical Temple.
  1224 | D:6      | Found Sydet's Weapon Shop.
  1227 | D:6      | Noticed a yak
  1229 | D:6      | Noticed a yak
  1230 | D:6      | Noticed a yak
  1259 | D:5      | Killed a yak
  1374 | D:5      | Reached skill level 8 in Air Magic
  1418 | D:6      | Bought a +0 great sword for 91 gold pieces
  1422 | D:6      | Found Lecheu's Weapon Emporium.
  1496 | D:6      | Found Dent's Book Emporium.
  1534 | D:6      | Found Kasinn's Assorted Antiques.
  1566 | D:6      | Slain by an orc warrior

Illustrated notes

Levels and vault maps discovered:
D:1:      elethiomel_arrival_infinity_welcomes_careful_drivers, layout_rooms,
          minmay_shallow_snake_nest
D:2:      layout_basic, grunt_ministairs_10
D:3:      layout_basic, nicolae_overflow_ecumenical_swirl, cheibriados_altar_1,
          ebering_ecumenical_altar_sacrificial, gup_sewer_entry_bowl
D:4:      layout_gridville, mainiacjoe_overflow_surrounded_room,
          hangedman_feature_mirror, uniq_pikel, uniq_natasha
D:5:      layout_loops_ring, minmay_temple_entry_sparse_star, uniq_eustachio,
          uniq_duvessa
D:6:      layout_loops_ring, serial_shops, shop_fountains,
          nicolae_shop_temple_entry_statues_fountains, shop, shop,
          nicolae_shop_advertising_works [nicolae_subvault_shop_adworks],
          eino_small_chamber_without_monster, minmay_three_doors, uniq_menkaure

Skill      XL: |  1  2  3  4  5  6  7  8 |
---------------+-------------------------+-----
Spellcasting   | 3 4 5 6 |  6.5
Air Magic      | 4 5 6 7 8 |  8.2
Conjurations   | 2 3 4 |  4.2
Dodging        | 3 4 |  4.1
Fighting       | 1 |  1.6
Stealth        | |  1.4

Action                   |  1- 3 |  4- 6 |  7- 9 || total
-------------------------+-------+-------+-------++-------
Melee: Unarmed           |     9 |    38 |     2 ||    49
       Punch             |       |     2 |       ||     2
       Great sword       |       |       |     2 ||     2
 Cast: Shock             |    22 |    49 |    16 ||    87
       Static Discharge  |     5 |    25 |    26 ||    56
       Airstrike         |       |     2 |    10 ||    12
Evoke: Wand              |       |       |     1 ||     1
  Use: Potion            |       |     5 |       ||     5
       Scroll            |       |     5 |     3 ||     8
Armor: Robe              |     2 |    12 |     3 ||    17
Dodge: Dodged            |    14 |    63 |    21 ||    98
